[Event "Titled Tuesday Blitz May 03 Late 2022"]
[White "Bernal Moro, Luis Javier"]
[Black "Pinheiro, Iung Alicio de O."]
[WhiteFideId "2200236"]
[BlackFideId "2104350"]
[WhiteElo "2373"]
[BlackElo "2283"]
[Result "0-1"]
[Round "08"]
[TimeControl "180+1"]
[Date "2022.05.03"]
[WhiteClock "0:00:04"]
[BlackClock "0:00:09"]

1. c4 c5 2. Nf3 g6 3. d4 cxd4 4. Nxd4 Nc6 5. e4 Nf6 6. Nc3 d6 7. Nc2 Bg7 8. Be2 Nd7 9. Bd2 O-O 10. O-O Nc5 11. b4 Bxc3 12. Bxc3 Nxe4 13. Bb2 e5 14. Ne3 Be6 15. a3 Rc8 16. Qd3 f5 17. Rad1 Qe7 18. f3 Nf6 19. Qxd6 Qf7 20. Qd2 Rfd8 21. Qe1 f4 22. Nd5 Nxd5 23. cxd5 Bxd5 24. Bb5 Re8 25. Rf2 Bc4 26. Bxc6 Rxc6 27. Rfd2 Rc7 28. Qe4 b5 29. h3 Rce7 30. Rd6 Bb3 31. R1d2 Bc4 32. Rc6 Qf5 33. Rdd6 Qxe4 34. fxe4 Rf8 35. Kf2 g5 36. Rc5 Rfe8 37. Bc3 Kg7 38. Rdc6 h5 39. Rc7 Kg6 40. Rxe7 Rxe7 41. Rxe5 Rd7 42. h4 gxh4 43. Rf5 Rd3 44. Be5 Rxa3 45. Bxf4 Ra2+ 46. Kg1 h3 47. gxh3 Be2 48. Rg5+ Kf6 49. Rc5 Bf3 50. e5+ Ke6 51. Rxb5 Rg2+ 52. Kf1 Ra2 53. Ra5 Rb2 54. Ra6+ Kd5 55. Rxa7 Ke4 56. Rd7 Kxf4 57. e6 Ke3 58. Kg1 Rg2+ 59. Kf1 Rh2 60. Rd3+ Kxd3 61. e7 Re2 62. Kg1 Rxe7 63. h4 Bd5 64. Kf2 Re3 65. Kg1 Rf3 66. b5 Ke3 67. b6 Bb7 68. Kh2 Ke2 69. Kg2 Rf5+ 70. Kg1 Re5 71. Kh2 Re3 72. Kg1 Rg3+ 73. Kh2 Rg4 74. Kh3 Kf2 75. Kh2 Rxh4# 0-1


[Site "https://www.chess.com"]

[Event "Titled Tuesday Blitz May 03 Late 2022"]
[White "Burke, Paul"]
[Black "Gombocz, Ferenc Jr."]
[WhiteFideId "2605767"]
[BlackFideId "775029"]
[WhiteElo "1859"]
[BlackElo "1913"]
[Result "1/2-1/2"]
[Round "08"]
[TimeControl "180+1"]
[Date "2022.05.03"]
[WhiteClock "0:01:00"]
[BlackClock "0:01:37"]

1. e4 e5 2. Nf3 Nc6 3. Bc4 Nf6 4. d4 exd4 5. O-O Nxe4 6. Re1 d5 7. Bxd5 Qxd5 8. Nc3 Qd8 9. Nxe4 Be7 10. Bg5 O-O 11. Bxe7 Qxe7 12. Nxd4 Nxd4 13. Qxd4 Be6 14. Nc5 Rfd8 15. Qc3 b6 16. Nxe6 fxe6 17. Qb3 Rd6 18. Rad1 Rad8 19. Rxd6 Rxd6 20. h3 c5 21. Qf3 g6 22. Qa8+ Kg7 23. Qf3 e5 24. Qc3 Rd4 25. f4 Rxf4 26. Rxe5 Qf6 27. Re7+ Kh6 28. Qxf6 Rxf6 29. Rxa7 Rd6 30. c4 Rd2 31. b3 Rb2 32. Kh2 Kg5 33. Kg3 h5 34. h4+ Kf5 35. Ra6 Ke4 36. Rxb6 Rxa2 37. Rxg6 Rb2 38. Rb6 Kd4 39. Rb5 Rc2 40. Kh3 Rc3+ 41. g3 Rc2 42. Rb6 Rc3 43. Rb5 Rc2 44. Rb6 Rc3 45. Rb5 1/2-1/2


[Site "https://www.chess.com"]

[Event "Titled Tuesday Blitz May 03 Late 2022"]
[White "Carrasco Miranda, Andres"]
[Black "Donchenko, Anatoly"]
[WhiteFideId "3405990"]
[BlackFideId "4106091"]
[WhiteElo "2177"]
[BlackElo "2339"]
[Result "1-0"]
[Round "08"]
[TimeControl "180+1"]
[Date "2022.05.03"]
[WhiteClock "0:00:12"]
[BlackClock "0:00:32"]

1. d4 d5 2. c4 dxc4 3. e4 Nf6 4. e5 Nd5 5. Bxc4 Nc6 6. Ne2 Nb6 7. Bb3 Bf5 8. Nbc3 e6 9. Be3 Nb4 10. O-O N4d5 11. Ng3 Bg6 12. a4 a5 13. Rc1 Be7 14. Qd2 c6 15. Nge4 O-O 16. Nxd5 Nxd5 17. Nc5 Rb8 18. g3 h6 19. Nd3 Qb6 20. Bxd5 exd5 21. f4 Be4 22. f5 f6 23. Nc5 Bxc5 24. dxc5 Qb4 25. e6 Kh7 26. Qe2 Rbe8 27. Qh5 Re7 28. Rf2 Qxa4 29. Bf4 Qd4 30. Bd6 Rfe8 31. Qg6+ Kg8 32. Bxe7 Rxe7 33. Re1 Qxc5 34. h4 Qb6 35. g4 Qd8 36. g5 Qe8 37. Qxe8+ Rxe8 38. gxf6 gxf6 39. Rxe4 dxe4 40. Rf4 Rd8 41. Rxe4 Rd2 42. e7 1-0


[Site "https://www.chess.com"]

[Event "Titled Tuesday Blitz May 03 Late 2022"]
[White "Demchenko, Anton"]
[Black "Janaszak, Dawid"]
[WhiteFideId "4160258"]
[BlackFideId "1119206"]
[WhiteElo "2539"]
[BlackElo "2199"]
[Result "1-0"]
[Round "08"]
[TimeControl "180+1"]
[Date "2022.05.03"]
[WhiteClock "0:00:33"]
[BlackClock "0:00:02"]

1. e4 c5 2. Nf3 e6 3. g3 d5 4. d3 dxe4 5. dxe4 Qxd1+ 6. Kxd1 b6 7. Nfd2 Nf6 8. f3 h5 9. a4 Nc6 10. c3 h4 11. g4 Ne5 12. Na3 Bd7 13. Nac4 Nxc4 14. Nxc4 Bc6 15. Kc2 Nd7 16. Bf4 f6 17. g5 Rh5 18. Rg1 Kf7 19. Bh3 Re8 20. Kb3 g6 21. Rad1 f5 22. Rxd7+ Bxd7 23. Ne5+ Ke7 24. Rd1 Bc8 25. Nxg6+ Kf7 26. Ne5+ Kg8 27. Bf1 fxe4 28. Bb5 Re7 29. Rd8 Bb7 30. Ng6 Rf7 31. Bd6 exf3 32. Nxf8 Bd5+ 33. Ka3 c4 34. g6 Rff5 35. Nxe6+ 1-0


[Site "https://www.chess.com"]

[Event "Titled Tuesday Blitz May 03 Late 2022"]
[White "Djokic, Mihailo"]
[Black "Vasquez Schroeder, Rodrigo"]
[WhiteFideId "976440"]
[BlackFideId "3400042"]
[WhiteElo "2202"]
[BlackElo "2561"]
[Result "0-1"]
[Round "08"]
[TimeControl "180+1"]
[Date "2022.05.03"]
[WhiteClock "0:00:02"]
[BlackClock "0:00:23"]

1. e4 c5 2. Nf3 d6 3. d4 cxd4 4. Nxd4 Nf6 5. Nc3 a6 6. Rg1 h6 7. g4 g5 8. Be3 Nc6 9. Qd2 Nxg4 10. O-O-O Nxe3 11. Qxe3 e6 12. Kb1 Bd7 13. Nb3 Qc7 14. f4 Be7 15. f5 O-O-O 16. Be2 Bf6 17. Na4 Kb8 18. Nb6 Ne5 19. Rgf1 Be7 20. Nxd7+ Rxd7 21. fxe6 fxe6 22. Nd4 Qb6 23. Qh3 d5 24. Qxe6 Qxe6 25. Nxe6 d4 26. Rxd4 Rxd4 27. Nxd4 Bc5 28. Ne6 Be3 29. Rf5 Nc6 30. Bd3 Ne7 31. Rf7 Nc6 32. Rf3 Bb6 33. Rf1 g4 34. c3 h5 35. Kc2 h4 36. Rf4 g3 37. hxg3 hxg3 38. Rg4 Rh2+ 39. Kd1 g2 40. Nd4 Nxd4 41. cxd4 Bxd4 0-1


[Site "https://www.chess.com"]

[Event "Titled Tuesday Blitz May 03 Late 2022"]
[White "Wagner, Dinara"]
[Black "Bifulco, Michel"]
[WhiteFideId "24157570"]
[BlackFideId "828580"]
[WhiteElo "2216"]
[BlackElo "2165"]
[Result "1-0"]
[Round "08"]
[TimeControl "180+1"]
[Date "2022.05.03"]
[WhiteClock "0:00:34"]
[BlackClock "0:00:02"]

1. d4 Nf6 2. c4 g6 3. Nf3 Bg7 4. Nc3 O-O 5. g3 d6 6. Bg2 Nc6 7. O-O a6 8. Qd3 Rb8 9. d5 Na5 10. b4 Ne4 11. Nxe4 Bxa1 12. bxa5 Bf5 13. Nh4 Bxe4 14. Qxe4 Bg7 15. Qd3 b5 16. axb6 cxb6 17. Be3 Qc7 18. Nf3 Rfc8 19. Nd2 b5 20. cxb5 axb5 21. h4 Qc2 22. Qb3 Rc3 23. Qb1 Ra8 24. Ne4 Rcc8 25. Qxb5 Qxa2 26. Qd7 Re8 27. Bf3 Qa4 28. Qc7 Rac8 29. Qb7 Rb8 30. Qc6 Qa3 31. h5 Be5 32. hxg6 hxg6 33. Kg2 Kg7 34. Ng5 Rbc8 35. Qb5 Rb8 36. Qc4 Rb4 37. Qc6 Rbb8 38. Qd7 Bf6 39. Ne4 Be5 40. Ng5 Rbd8 41. Qg4 Bf6 42. Qf4 Rh8 43. Bd4 Qa5 44. Bxf6+ exf6 45. Ne4 f5 46. Nxd6 1-0


[Site "https://www.chess.com"]

[Event "Titled Tuesday Blitz May 03 Late 2022"]
[White "Drygalov, Sergey"]
[Black "Deac, Bogdan-Daniel"]
[WhiteFideId "24171743"]
[BlackFideId "1226380"]
[WhiteElo "2514"]
[BlackElo "2648"]
[Result "1-0"]
[Round "08"]
[TimeControl "180+1"]
[Date "2022.05.03"]
[WhiteClock "0:00:35"]
[BlackClock "0:00:01"]

1. d4 Nf6 2. c4 e6 3. Nc3 Bb4 4. a3 Bxc3+ 5. bxc3 Nc6 6. e3 b6 7. Bd3 Ba6 8. e4 e5 9. Nf3 Qe7 10. O-O O-O 11. Bg5 h6 12. Bh4 d6 13. c5 Bxd3 14. cxd6 cxd6 15. Qxd3 Rac8 16. Rfd1 Na5 17. h3 Qe6 18. dxe5 dxe5 19. Bxf6 Qxf6 20. Qd6 Qxd6 21. Rxd6 f6 22. Rd7 Rf7 23. Rad1 Rc7 24. Rd8+ Kh7 25. Ra8 Rfd7 26. Rd5 Nb3 27. Nh4 g6 28. Nf3 Kg7 29. h4 h5 30. c4 Nc5 31. Nd2 Ne6 32. g3 Kf7 33. a4 Nc5 34. f4 exf4 35. gxf4 Re7 36. e5 fxe5 37. fxe5 Ke6 38. Nf3 Kf5 39. Rf8+ Ke4 40. Ng5+ Ke3 41. Rf3+ Ke2 42. Rf2+ Ke3 43. Rdd2 Rcd7 44. Rfe2+ Kf4 45. Rd5 1-0


[Site "https://www.chess.com"]

[Event "Titled Tuesday Blitz May 03 Late 2022"]
[White "Dubov, Daniil"]
[Black "Rasulov, Vugar"]
[WhiteFideId "24126055"]
[BlackFideId "13402390"]
[WhiteElo "2791"]
[BlackElo "2560"]
[Result "1-0"]
[Round "08"]
[TimeControl "180+1"]
[Date "2022.05.03"]
[WhiteClock "0:00:05"]
[BlackClock "0:00:03"]

1. d4 Nf6 2. Nf3 d5 3. c4 c6 4. Nc3 e6 5. g3 Nbd7 6. Bg2 dxc4 7. O-O Be7 8. e4 O-O 9. Bf4 b5 10. d5 exd5 11. exd5 Nxd5 12. Nxd5 cxd5 13. Qxd5 Nb6 14. Qxb5 Qd5 15. Qxd5 Nxd5 16. Nd4 Bb7 17. Rfe1 Bf6 18. Be5 Rad8 19. Nf5 Bc8 20. Bxf6 Nxf6 21. Ne7+ Kh8 22. Nxc8 Rxc8 23. Rac1 Rc7 24. Rc2 g5 25. Rec1 Rd8 26. Bf1 c3 27. Rxc3 Rxc3 28. Rxc3 Rd2 29. Rc7 Rxb2 30. Rxf7 Ng4 31. h3 Ne5 32. Rf5 Nc6 33. Rxg5 Nd4 34. Kg2 Nc2 35. Re5 Rxa2 36. Bd3 Nb4 37. Be4 a5 38. Re7 h6 39. Rh7+ Kg8 40. Rxh6 Re2 41. Kf3 Rb2 42. Rh5 a4 43. Ra5 Rb3+ 44. Kf4 a3 45. h4 Kf8 46. h5 a2 47. h6 Rb2 48. Ra8+ Ke7 49. Kf3 Rb3+ 50. Kg2 Rc3 51. h7 Rc8 52. Rxc8 a1=Q 53. h8=Q Qa6 54. Qe5+ Kd7 55. Rc7+ Kd8 56. Qe7# 1-0


[Site "https://www.chess.com"]

[Event "Titled Tuesday Blitz May 03 Late 2022"]
[White "Erdogdu, Mert"]
[Black "Nozdrachev, Leonid"]
[WhiteFideId "6301495"]
[BlackFideId "24113433"]
[WhiteElo "2451"]
[BlackElo "2255"]
[Result "0-1"]
[Round "08"]
[TimeControl "180+1"]
[Date "2022.05.03"]
[WhiteClock "0:00:24"]
[BlackClock "0:00:04"]

1. e4 c6 2. d4 d5 3. exd5 cxd5 4. c4 Nf6 5. Nc3 g6 6. Qb3 Bg7 7. cxd5 O-O 8. Nge2 Na6 9. g3 Qb6 10. Qxb6 axb6 11. Bg2 Nb4 12. O-O Rd8 13. d6 exd6 14. a3 Nd3 15. Rd1 Bf5 16. Nf4 Nxc1 17. Raxc1 Bh6 18. Nce2 Rac8 19. Bxb7 Rxc1 20. Rxc1 Re8 21. Bf3 g5 22. Nh5 Nxh5 23. Bxh5 g4 24. Nf4 Bxf4 25. gxf4 Re4 26. Rc4 Kg7 27. Rb4 Rxf4 28. Kg2 Be6 29. h3 gxh3+ 30. Kg3 Rf5 31. Bf3 h2 32. Bh1 h5 33. Rxb6 h4+ 34. Kxh2 Rxf2+ 35. Kg1 Rd2 36. d5 Bf5 37. Rb4 h3 38. Rh4 Rxb2 39. Bf3 Ra2 40. a4 Kf6 41. Rh6+ Ke5 42. Rh5 Kf4 43. Bh1 Kg3 44. Rxf5 Ra1+ 45. Rf1 h2# 0-1


[Site "https://www.chess.com"]

[Event "Titled Tuesday Blitz May 03 Late 2022"]
[White "Ezat, Mohamed"]
[Black "Ansh M Shah"]
[WhiteFideId "10600906"]
[BlackFideId "25033379"]
[WhiteElo "2386"]
[BlackElo "1819"]
[Result "0-1"]
[Round "08"]
[TimeControl "180+1"]
[Date "2022.05.03"]
[WhiteClock "0:01:42"]
[BlackClock "0:01:31"]

1. e4 c6 2. d4 d5 3. e5 Bf5 4. Nc3 e6 5. g4 Bg6 6. Nge2 h6 7. Nf4 Bh7 8. h4 c5 9. g5 hxg5 10. hxg5 Bxc2 11. Rxh8 Bxd1 12. Rxg8 Bc2 13. g6 Bxg6 14. Nxg6 fxg6 15. Bd3 Kf7 16. Rh8 cxd4 17. Rxf8+ Qxf8 18. Nb5 Nc6 19. Bf4 Qb4+ 20. Kf1 Rh8 21. Kg2 Rh4 22. Bg3 Rh6 23. a3 Qd2 24. Bf1 Qg5 25. Be2 Qf5 26. Rd1 Qh3+ 27. Kf3 Nxe5+ 28. Kf4 Qf5# 0-1


[Site "https://www.chess.com"]

[Event "Titled Tuesday Blitz May 03 Late 2022"]
[White "Ferreira, Vitor Hugo Vieira"]
[Black "Kujawski, Adam"]
[WhiteFideId "2119765"]
[BlackFideId "1100920"]
[WhiteElo "2165"]
[BlackElo "1982"]
[Result "1-0"]
[Round "08"]
[TimeControl "180+1"]
[Date "2022.05.03"]
[WhiteClock "0:01:47"]
[BlackClock "0:00:02"]

1. d4 Nf6 2. c4 e6 3. Nf3 c5 4. g3 cxd4 5. Bg2 e5 6. O-O Nc6 7. e3 d3 8. e4 Nxe4 9. Nxe5 Nxf2 10. Nxc6 Nxd1 11. Nxd8 Bc5+ 12. Kh1 Nf2+ 13. Rxf2 Bxf2 14. Nxb7 Rb8 15. Nd6+ Ke7 16. Ne4 Bd4 17. Nbc3 Bb7 18. Bf4 Rbc8 19. Nd6 Bxg2+ 20. Kxg2 Bxc3 21. Nxc8+ Rxc8 22. bxc3 Rxc4 23. Be5 d6 24. Bd4 Ra4 25. Kf3 g5 26. Ke3 f5 27. Kxd3 Ke6 28. Kc2 Kd5 29. Kb3 Ra6 30. Rd1 Ke4 31. Re1+ Kf3 32. Rf1+ Kg2 33. Rxf5 h6 34. Rf6 h5 35. h4 gxh4 36. gxh4 Kg3 37. Bf2+ Kg4 38. Rf7 d5 39. Rxa7 Rf6 40. Rg7+ Kh3 41. Bd4 Rf4 42. Rg5 Kxh4 43. Rxd5 Kg4 44. Be5 Rf7 45. Rd4+ Kf3 46. Rh4 Rf5 47. Bc7 Ke3 48. a4 Kd3 49. a5 Rb5+ 50. Ka4 Rb7 51. Bb6 Kxc3 52. Kb5 Rb8 53. Rxh5 Kd3 54. a6 Rg8 55. a7 Ke4 56. Ka6 Ra8 57. Kb7 1-0


[Site "https://www.chess.com"]

[Event "Titled Tuesday Blitz May 03 Late 2022"]
[White "Gabrielian, Artur"]
[Black "Itkis, Boris"]
[WhiteFideId "4131002"]
[BlackFideId "1209167"]
[WhiteElo "2440"]
[BlackElo "2207"]
[Result "1-0"]
[Round "08"]
[TimeControl "180+1"]
[Date "2022.05.03"]
[WhiteClock "0:01:20"]
[BlackClock "0:00:01"]

1. e4 e5 2. Nf3 Nc6 3. Bc4 Nf6 4. d3 h6 5. O-O d6 6. a4 g5 7. c3 a5 8. Re1 g4 9. Nfd2 h5 10. Nf1 Bh6 11. Bxh6 Rxh6 12. Qd2 Rg6 13. Na3 h4 14. Nb5 Nh5 15. d4 g3 16. fxg3 hxg3 17. h3 Nf4 18. dxe5 Nxe5 19. Qxf4 Nxc4 20. Ne3 Nxe3 21. Rxe3 c6 22. Rf1 Qe7 23. e5 dxe5 24. Rxe5 Be6 25. Nc7+ Kf8 26. Nxa8 1-0


[Site "https://www.chess.com"]

[Event "Titled Tuesday Blitz May 03 Late 2022"]
[White "Gascon Del Nogal, Jose Rafael"]
[Black "Vujic, Mihailo"]
[WhiteFideId "3902463"]
[BlackFideId "918873"]
[WhiteElo "2473"]
[BlackElo "2256"]
[Result "1-0"]
[Round "08"]
[TimeControl "180+1"]
[Date "2022.05.03"]
[WhiteClock "0:00:12"]
[BlackClock "0:00:15"]

1. c4 e5 2. Nc3 Nc6 3. g3 Nf6 4. Bg2 Bc5 5. e3 d5 6. cxd5 Nb4 7. d3 Nbxd5 8. Nxd5 Nxd5 9. Nf3 Bb4+ 10. Bd2 Bxd2+ 11. Qxd2 f6 12. O-O O-O 13. e4 Ne7 14. d4 Bg4 15. d5 Bxf3 16. Bxf3 Nc8 17. Rac1 Nd6 18. Bg2 f5 19. f3 fxe4 20. fxe4 Rxf1+ 21. Rxf1 Qe7 22. Re1 Rf8 23. Bh3 Qf6 24. Be6+ Kh8 25. Qe2 h6 26. Rc1 c5 27. Bh3 b6 28. Rf1 Qe7 29. Rxf8+ Qxf8 30. Bg2 Qe7 31. Qa6 Kh7 32. Qd3 Qg5 33. h3 Qc1+ 34. Kh2 Qxb2 35. Qf3 Kg8 36. Qg4 c4 37. Qe6+ Nf7 38. Qe8+ Kh7 39. Qxf7 c3 40. Qf5+ Kg8 41. Qxe5 Qd2 42. Qe6+ Kh7 43. Qf5+ Kg8 44. Qc8+ Kh7 45. d6 c2 46. d7 c1=Q 47. Qxc1 Qxc1 48. d8=Q Qb2 49. Qd5 b5 50. e5 b4 51. e6 Qe2 52. Qe4+ Qxe4 53. Bxe4+ Kg8 54. Bd5 Kf8 55. Bb3 Ke7 56. Kg2 a6 57. Kf3 a5 58. Ke4 a4 59. Bxa4 Kxe6 60. Bb3+ Kd6 61. Kf5 Kc5 62. Kg6 Kd4 63. Kxg7 Ke3 64. Kxh6 Kf3 65. h4 Kxg3 66. h5 Kf4 67. Kg6 Ke5 68. h6 Kd4 69. h7 Kc3 70. h8=Q+ Kd2 71. Qd4+ Kc1 72. Qd1+ Kb2 73. Qc2+ Ka3 74. Qc1# 1-0


[Site "https://www.chess.com"]

[Event "Titled Tuesday Blitz May 03 Late 2022"]
[White "Golubev, Mikhail"]
[Black "Tisaj, Domen"]
[WhiteFideId "14100983"]
[BlackFideId "14628708"]
[WhiteElo "2374"]
[BlackElo "2333"]
[Result "1-0"]
[Round "08"]
[TimeControl "180+1"]
[Date "2022.05.03"]
[WhiteClock "0:00:36"]
[BlackClock "0:00:02"]

1. e4 c5 2. Nf3 Nc6 3. Nc3 e5 4. Bc4 g6 5. d3 h6 6. Nd2 Bg7 7. Nf1 Nge7 8. Ne3 d6 9. O-O O-O 10. Ned5 Kh7 11. f4 f5 12. Nxe7 Qxe7 13. Nd5 Qd8 14. c3 Be6 15. exf5 Bxf5 16. Be3 a6 17. Qd2 exf4 18. Nxf4 Ne5 19. Ne6 Bxe6 20. Bxe6 Qe7 21. Bd5 Ng4 22. Bf4 Be5 23. h3 Bxf4 24. Rxf4 Ne3 25. Re4 Qg5 26. Bxb7 Rab8 27. h4 Qf6 28. Rxe3 Rxb7 29. Rf3 Qg7 30. Rxf8 Qxf8 31. Rf1 Qd8 32. Qf4 Rg7 33. Rf2 h5 34. Qe4 Qa5 35. Qe8 1-0


[Site "https://www.chess.com"]

[Event "Titled Tuesday Blitz May 03 Late 2022"]
[White "Guz, Ari"]
[Black "Svane, Rasmus"]
[WhiteFideId "2825759"]
[BlackFideId "4657101"]
[WhiteElo "1913"]
[BlackElo "2645"]
[Result "0-1"]
[Round "08"]
[TimeControl "180+1"]
[Date "2022.05.03"]
[WhiteClock "0:00:22"]
[BlackClock "0:00:26"]

1. Nf3 d5 2. b3 Bg4 3. e3 e6 4. Bb2 h6 5. Be2 Nf6 6. O-O Bd6 7. c4 O-O 8. d4 c6 9. Nbd2 Nbd7 10. Ne5 Bf5 11. Ndf3 Ne4 12. Bd3 Qe7 13. Qc2 Rac8 14. Rfd1 Rfd8 15. Rac1 Bxe5 16. Nxe5 Nxe5 17. dxe5 Qg5 18. f4 Qg6 19. cxd5 exd5 20. Qe2 Bg4 21. Bxe4 dxe4 22. Rxd8+ Rxd8 23. Qf2 b6 24. b4 Rd3 25. Kh1 Qe6 26. Bd4 Ra3 27. Rc2 a5 28. h3 Bxh3 29. gxh3 Qxh3+ 30. Qh2 Qf3+ 31. Qg2 Qh5+ 32. Kg1 Rd3 33. e6 Rd1+ 34. Kf2 Qh4+ 35. Qg3 Rf1+ 36. Kxf1 Qxg3 37. e7 Qh3+ 38. Ke1 Qh4+ 39. Kd2 Qxe7 40. bxa5 c5 41. Be5 bxa5 42. Rb2 f6 43. Bc3 Qd7+ 44. Kc1 Qd3 45. Bd2 c4 46. Rc2 h5 47. Rc3 Qe2 48. Ra3 h4 49. Rxa5 h3 50. Ra8+ Kh7 0-1


[Site "https://www.chess.com"]

[Event "Titled Tuesday Blitz May 03 Late 2022"]
[White "Hernandez Bermudez, Ulises Eduardo"]
[Black "Hoffmann, Asa"]
[WhiteFideId "3902510"]
[BlackFideId "2001470"]
[WhiteElo "2056"]
[BlackElo "2117"]
[Result "1-0"]
[Round "08"]
[TimeControl "180+1"]
[Date "2022.05.03"]
[WhiteClock "0:00:25"]
[BlackClock "0:00:05"]

1. e4 d6 2. d4 Nf6 3. Nc3 c6 4. Nf3 Bg4 5. Bc4 e6 6. O-O d5 7. exd5 cxd5 8. Bb5+ Nc6 9. h3 Bh5 10. Be3 Bb4 11. Nb1 O-O 12. c3 Bd6 13. Bd3 Ne4 14. Re1 f5 15. Nbd2 f4 16. Nxe4 dxe4 17. Bxe4 fxe3 18. Rxe3 e5 19. Qb3+ Kh8 20. Qxb7 exd4 21. cxd4 Bxf3 22. Rxf3 Rxf3 23. Bxf3 Rc8 24. Bxc6 Rc7 25. Qb5 Qf6 26. Qb8+ Qf8 27. Qxf8+ Bxf8 28. d5 Bd6 29. Re1 g6 30. Re6 Bc5 31. a3 Kg7 32. b4 Bd4 33. b5 Kf7 34. Rd6 Ke7 35. Re6+ Kf7 36. Re4 Bc5 37. a4 Be7 38. a5 Rc8 39. b6 axb6 40. axb6 Rb8 41. b7 Bd6 42. Re6 Bc7 43. Kf1 Bb6 44. Ke2 Bc7 45. Kd3 Bb6 46. Kc4 Bxf2 47. Re4 Bg3 48. Kb5 Bc7 49. Ra4 Ke7 50. Re4+ Kf7 51. Ka6 Bd6 52. Re6 Bc7 53. d6 Bd8 54. Re8 1-0


[Site "https://www.chess.com"]

[Event "Titled Tuesday Blitz May 03 Late 2022"]
[White "Jegorovas, Aleksandras"]
[Black "Rosen, Eric"]
[WhiteFideId "12801950"]
[BlackFideId "2032562"]
[WhiteElo "2247"]
[BlackElo "2362"]
[Result "0-1"]
[Round "08"]
[TimeControl "180+1"]
[Date "2022.05.03"]
[WhiteClock "0:00:01"]
[BlackClock "0:00:05"]

1. Nf3 d5 2. e3 Nf6 3. c4 e6 4. b3 Bd6 5. Bb2 O-O 6. Nc3 Re8 7. Qc2 b6 8. Bd3 Bb7 9. O-O-O Na6 10. a3 e5 11. cxd5 Qe7 12. Ng5 h6 13. Nge4 Nxe4 14. Bxe4 Bxa3 15. Bxa3 Qxa3+ 16. Qb2 Qa5 17. Kb1 Nb4 18. d4 exd4 19. Rxd4 Rad8 20. Rhd1 Qc5 21. Bf3 a5 22. Ne4 Qe7 23. d6 Bxe4+ 24. Rxe4 Qd7 25. Rxe8+ Rxe8 26. dxc7 Qxc7 27. Rc1 Qd7 28. Qd4 Qe6 29. Qc4 Qg6+ 30. e4 Qg5 31. Rd1 Rd8 32. Rxd8+ Qxd8 33. Qc3 Qd7 34. Be2 Qe6 35. f3 Qd6 36. g3 Kh7 37. Bc4 Qe7 38. Kb2 Nc6 39. Qd3 Ne5 40. Qe2 Qf6 41. Kb1 Nc6 42. f4 Qd4 43. e5 Nb4 44. Qb2 Qg1+ 45. Qc1 Qxh2 46. Qd1 Qxg3 47. Bxf7 Qxf4 48. e6 Qf5+ 49. Kb2 Qf6+ 50. Kb1 Nc6 51. Qd3+ g6 52. Qd7 Ne7 53. Qe8 g5 54. Qf8 g4 55. Bg8+ Nxg8 56. e7 Qxe7 57. Qf5+ Kh8 58. Qxg4 Qh7+ 59. Ka2 Qg7 60. Qh5 Nf6 61. Qh1 Kh7 62. b4 axb4 63. Kb3 Qg8+ 64. Kxb4 Qd5 65. Qf1 Qe4+ 0-1


[Site "https://www.chess.com"]

[Event "Titled Tuesday Blitz May 03 Late 2022"]
[White "Jones, Gawain C B"]
[Black "Hakobyan, Aram"]
[WhiteFideId "409561"]
[BlackFideId "13306677"]
[WhiteElo "2657"]
[BlackElo "2557"]
[Result "0-1"]
[Round "08"]
[TimeControl "180+1"]
[Date "2022.05.03"]
[WhiteClock "0:00:03"]
[BlackClock "0:00:11"]

1. Nf3 Nf6 2. g3 d5 3. Bg2 Nc6 4. d4 Bf5 5. O-O Nb4 6. Na3 e6 7. Ne5 c6 8. c3 Na6 9. Qa4 Nc7 10. c4 Be7 11. Bf4 O-O 12. Rfd1 h6 13. Rac1 Ne4 14. Nb1 Bh7 15. Nc3 Nd6 16. cxd5 exd5 17. Nxc6 bxc6 18. Qxc6 Rb8 19. Bxd5 Rb6 20. Qa4 Nxd5 21. Nxd5 Rxb2 22. Qa3 Rb6 23. Qxa7 Rb7 24. Qa6 Rd7 25. Nb6 Rb7 26. Nc8 Rd7 27. Nb6 Bf5 28. Nxd7 Qxd7 29. Qc6 Qe6 30. d5 Qf6 31. Qc3 Qg6 32. Qe3 Re8 33. Rc6 Bd7 34. Ra6 Bf6 35. Qa7 Bh3 36. Ra4 Nf5 37. Qa6 Qh5 38. f3 Ne3 39. Bxe3 Rxe3 40. Qc4 Re8 41. Kf2 Qe5 42. e4 Bd8 43. Qe2 Bb6+ 44. Ke1 Qc3+ 45. Rd2 Be3 46. Ra6 Bxd2+ 47. Qxd2 Qxf3 48. Qf4 Rxe4+ 49. Kd2 Rxf4 50. gxf4 Qxd5+ 0-1


[Site "https://www.chess.com"]

[Event "Titled Tuesday Blitz May 03 Late 2022"]
[White "Kamsky, Gata"]
[Black "Fedoseev, Vladimir"]
[WhiteFideId "2000024"]
[BlackFideId "24130737"]
[WhiteElo "2645"]
[BlackElo "2726"]
[Result "0-1"]
[Round "08"]
[TimeControl "180+1"]
[Date "2022.05.03"]
[WhiteClock "0:00:01"]
[BlackClock "0:00:07"]

1. e4 c5 2. Nf3 d6 3. Bb5+ Nd7 4. a4 Nf6 5. Nc3 g6 6. a5 Bg7 7. O-O O-O 8. h3 Ne8 9. d4 Nc7 10. Be2 cxd4 11. Nxd4 Nf6 12. Be3 Bd7 13. Qd2 e5 14. Nb3 Bc6 15. Bf3 d5 16. exd5 Ncxd5 17. Nxd5 Bxd5 18. Rfd1 Bxf3 19. Qxd8 Rfxd8 20. Rxd8+ Rxd8 21. gxf3 Rc8 22. c3 a6 23. Nc5 Bf8 24. Ne4 Ne8 25. Rd1 f5 26. Nd2 Kf7 27. Kf1 Ke6 28. Ke2 Nf6 29. Nb3 Nd5 30. Nc1 Rc4 31. Nd3 Bd6 32. Ra1 Rh4 33. Rh1 Nxe3 34. fxe3 Ra4 35. h4 Rxa5 36. e4 Ra4 37. Ke3 fxe4 38. fxe4 Rc4 39. h5 g5 40. Rg1 Be7 41. Rf1 Bf6 42. Ra1 Be7 43. Kf3 Rc8 44. Ra5 Bd6 45. Rd5 h6 46. Ke3 Rf8 47. c4 g4 48. c5 Bc7 49. c6 bxc6 50. Nc5+ Kf6 51. Rd7 Bb6 52. b4 Bxc5+ 53. bxc5 Kg5 54. Rd6 Kxh5 55. Rxc6 g3 56. Rxa6 g2 57. Ra1 Rf1 0-1


[Site "https://www.chess.com"]

[Event "Titled Tuesday Blitz May 03 Late 2022"]
[White "Keller, Peter"]
[Black "Gomez Dieguez, David"]
[WhiteFideId "1272105"]
[BlackFideId "22223630"]
[WhiteElo "2275"]
[BlackElo "2115"]
[Result "0-1"]
[Round "08"]
[TimeControl "180+1"]
[Date "2022.05.03"]
[WhiteClock "0:00:01"]
[BlackClock "0:00:37"]

1. e4 c6 2. d4 d5 3. exd5 cxd5 4. Bd3 Nf6 5. c3 Nc6 6. Bf4 Bg4 7. Qb3 Qd7 8. Nd2 e6 9. Ngf3 Bd6 10. Bxd6 Qxd6 11. O-O O-O 12. Rae1 Ne7 13. Ne5 Bf5 14. Bxf5 Nxf5 15. g4 Ne7 16. f4 b5 17. Qxb5 Rab8 18. Qd3 Rxb2 19. f5 Rxa2 20. g5 Ne4 21. Rxe4 Rxd2 22. Qxd2 Nxf5 23. Ref4 g6 24. R4f3 Kg7 25. Rh3 Rh8 26. Qe1 Qe7 27. Nf3 h5 28. Qe5+ Kg8 29. Rb1 Kh7 30. Nd2 Qxg5+ 31. Kh1 Qxd2 0-1


[Site "https://www.chess.com"]

[Event "Titled Tuesday Blitz May 03 Late 2022"]
[White "Khanin, Semen"]
[Black "Bluebaum, Matthias"]
[WhiteFideId "4111990"]
[BlackFideId "24651516"]
[WhiteElo "2442"]
[BlackElo "2550"]
[Result "0-1"]
[Round "08"]
[TimeControl "180+1"]
[Date "2022.05.03"]
[WhiteClock "0:00:05"]
[BlackClock "0:00:33"]

1. e4 e5 2. Nf3 Nf6 3. Nxe5 d6 4. Nf3 Nxe4 5. d4 d5 6. Bd3 Bd6 7. O-O O-O 8. c4 c6 9. Nc3 Nxc3 10. bxc3 dxc4 11. Bxc4 Bg4 12. h3 Bh5 13. Re1 Nd7 14. Be3 b5 15. Be2 Nb6 16. Ne5 Bxe2 17. Qxe2 Qc7 18. Bf4 Nd5 19. Bg3 f6 20. Nxc6 Rfe8 21. Qxb5 Nb6 22. Bxd6 Qxd6 23. c4 Qd7 24. c5 Nd5 25. Rxe8+ Rxe8 26. Nxa7 Qf7 27. Qc4 Re6 28. Nb5 Nf4 29. Nd6 Qg6 30. g3 Nxh3+ 31. Kh2 Ng5 32. Qd5 Qh5+ 33. Kg2 Qh3+ 34. Kg1 h5 35. c6 Kh8 36. c7 Rxd6 37. c8=Q+ Qxc8 38. Qxd6 Qg4 39. Qd5 h4 40. Kg2 hxg3 41. fxg3 Qe2+ 42. Kh1 Ne4 0-1


[Site "https://www.chess.com"]